 Dungeon Crawl Stone Soup version 0.21-a0-94-gdd6ab6a (webtiles) character file.

1077 MatthieuS the Skirmisher (level 8, -8/80 HPs)
             Began as an Ogre Fire Elementalist on July 1, 2017.
             Was a Believer of Zin.
             Mangled by an ogre
             ... wielding a +0 giant club
              (16 damage)
             ... on level 7 of the Dungeon.
             The game lasted 00:31:02 (6303 turns).

MatthieuS the Skirmisher (Ogre Fire Elementalist)   Turns: 6303, Time: 00:31:03

Health: -8/80      AC:  3    Str: 14      XL:     8   Next: 29%
Magic:  10/12      EV: 10    Int: 19      God:    Zin [**....]
Gold:   162        SH:  0    Dex:  7 (10) Spells: 5/14 levels left

rFire    . . .     SeeInvis .   o - +6 hunting sling of Precise Incision {freeze, rElec}
rCold    . . .     Gourm    .   (no shield)
rNeg     . . .     Faith    .   q - +0 robe
rPois    ∞         Spirit   .   (helmet restricted)
rElec    +         Reflect  .   (no cloak)
rCorr    .         Harm     .   (gloves unavailable)
MR       +....                  (boots unavailable)
Stlth    +.........             (no amulet)
HPRegen  0.23/turn              (no ring)
MPRegen  0.13/turn              (no ring)

@: vitalised
A: unfitting armour, low mp 1, magic resistance 1, tough skin 1
a: Recite, Vitalisation, Donate Gold, Renounce Religion


You were on level 7 of the Dungeon.
You worshipped Zin.
Zin was pleased with you.
You were not hungry.

You visited 2 branches of the dungeon, and saw 8 of its levels.

You collected 270 gold pieces.
You spent 90 gold pieces at shops.
You donated 18 gold pieces to Zin.

Inventory:

Hand Weapons
 a - a +0 spear
 o - the +6 hunting sling of Precise Incision (weapon) {freeze, rElec}
   (You found it on level 5 of the Dungeon)

   It causes projectiles fired from it to freeze those they strike, causing
   extra injury to most foes and up to half again as much damage against
   particularly susceptible opponents.
   They can also slow down cold-blooded creatures.
   It insulates you from electricity.
 w - a +0 blowgun
Missiles
 d - 212 stones (quivered)
 y - 11 poisoned needles
Armour
 q - a +0 robe (worn)
Scrolls
 e - a scroll of recharging
 h - a scroll of identify
 k - 3 scrolls of fog {unknown}
 m - a scroll of remove curse
 u - a scroll of enchant weapon {unknown}
Potions
 f - a potion of degeneration
 i - a potion of might
 r - 2 potions of brilliance
 t - 2 potions of agility {unknown}
 v - a potion of invisibility {unknown}
Books
 b - a book of Flames

   Spells                             Type                      Level
   a - Flame Tongue                   Conjuration/Fire             1
   b - Throw Flame                    Conjuration/Fire             2
   c - Conjure Flame                  Conjuration/Fire             3
   d - Inner Flame                    Hexes/Fire                   3
   e - Sticky Flame                   Conjuration/Fire             4
   f - Fireball                       Conjuration/Fire             5
Comestibles
 c - 3 bread rations
 l - 4 meat rations
 p - a chunk of flesh


   Skills:
 - Level 5.0 Fighting
 * Level 2.5(3.2) Slings
 * Level 4.0(4.6) Throwing
 + Level 3.1 Dodging
 - Level 1.4 Stealth
 - Level 3.6 Spellcasting
 - Level 3.1 Conjurations
 - Level 4.0 Fire Magic
 + Level 1.2 Invocations


You had 5 spell levels left.
You knew the following spells:

 Your Spells              Type           Power        Failure   Level  Hunger
a - Flame Tongue          Conj/Fire      ###..        3%          1    None
b - Throw Flame           Conj/Fire      ###...       4%          2    ##.....
c - Conjure Flame         Conj/Fire      ###.....     10%         3    ###....
d - Inner Flame           Hex/Fire       ##......     19%         3    ###....


Dungeon Overview and Level Annotations

Branches:
Dungeon (7/15)             Temple (1/1) D:5

Altars:
Ashenzari
Fedhas
Gozag
Hepliaklqana
Kikubaaqudgha
Nemelex Xobeh
Okawaru
Qazlal
Ru
Sif Muna
Uskayaw
Xom
Yredelemnul
Zin

Annotations:
D:4 Dowan, Duvessa


Innate Abilities, Weirdness & Mutations

You are too large for most types of armour.
You have tough skin. (AC +1)
Your magical capacity is low. (-10% MP)
You are resistant to hostile enchantments. (MR+)


Message History

Found 3 scrolls of immolation and 25 gold pieces.
An ogre and a shadow imp come into view.
Okay, then.
Casting: Flame Tongue
Confirm with . or Enter, or press ? or * to list all spells.
You don't know that spell.
An orc priest comes into view. It is wielding a club.
The ogre barely misses you.
The orc priest shouts!
You are no longer poisoned.
You clear your throat and prepare to recite. "For those who would enter Zin's holy bosom..."
The orc priest is confused by your recitation.
The orc priest shouts! "...and live in loyalty, Zin provideth.
Such is..."
You hear a shout! "...the covenant, and such is the way of things."
You finish reciting Ablutions 22:47.
The ogre hits you with a giant club!
You die...

#.#
#.#
#.#
#.#
#.#
#.#
#.#
#.#
#.#
##.#
#.#
#..#
#.#
####
#O#
#@#
#.#
#..
#.##
###


You could see an ogre.

Vanquished Creatures
  Edmund (D:6)
  A centaur (D:7)
  2 bullfrogs (D:6)
  2 killer bees (D:7)
  4 wights (D:6)
  2 crimson imps (D:6)
  2 hounds
  A centaur skeleton (D:5)
  An iguana (D:6)
  Natasha (D:4)
  3 orc wizards
  A hound skeleton (D:5)
  8 adders
  3 oozes
  A worm (D:2)
  A leopard gecko (D:1)
  11 orcs
  8 giant cockroaches
  18 goblins
  9 hobgoblins
  13 jackals
  8 kobolds
  2 quokkas
  7 bats
  8 frilled lizards
  7 rats
125 creatures vanquished.

Notes
Turn   | Place    | Note
-------+----------+-------------------------------------------
     0 | D:1      | MatthieuS the Ogre Fire Elementalist began the quest for the Orb.
     0 | D:1      | Reached XP level 1. HP: 16/16 MP: 3/3
     8 | D:1      | Reached skill level 1 in Conjurations
   238 | D:1      | Reached skill level 1 in Fighting
   261 | D:1      | Reached XP level 2. HP: 26/27 MP: 3/5
   789 | D:2      | Reached XP level 3. HP: 35/35 MP: 1/6
   840 | D:2      | Reached skill level 2 in Fighting
   881 | D:2      | Learned a level 2 spell: Throw Flame
   885 | D:2      | Learned a level 3 spell: Conjure Flame
  1422 | D:2      | Reached XP level 4. HP: 36/44 MP: 6/8
  1875 | D:2      | Reached skill level 3 in Fighting
  2267 | D:3      | Reached XP level 5. HP: 48/53 MP: 9/9
  2283 | D:3      | Learned a level 3 spell: Inner Flame
  3302 | D:4      | Noticed Duvessa
  3302 | D:4      | Noticed Dowan
  3428 | D:4      | Reached skill level 1 in Throwing
  3977 | D:4      | Found Zin's Purification Station.
  3981 | D:4      | Found a glowing silver altar of Zin.
  3986 | D:4      | Bought a potion of curing for 90 gold pieces
  4098 | D:4      | Became a worshipper of Zin the Law-Giver
  4116 | D:4      | Noticed Natasha
  4125 | D:4      | Killed Natasha
  4125 | D:4      | Reached XP level 6. HP: 52/61 MP: 0/10
  4234 | D:5      | Entered Level 5 of the Dungeon
  4387 | D:5      | Reached * piety under Zin
  4399 | D:5      | Found an ancient bone altar of Kikubaaqudgha.
  4624 | D:5      | Found a staircase to the Ecumenical Temple.
  4681 | D:5      | Reached skill level 4 in Fighting
  4815 | D:5      | Reached ** piety under Zin
  5001 | D:5      | Got a shimmering hunting sling
  5002 | D:5      | Identified the +6 hunting sling of Precise Incision {freeze, rElec} (You found it on level 5 of the Dungeon)
  5117 | D:6      | Reached XP level 7. HP: 71/71 MP: 12/12
  5143 | D:6      | Reached skill level 1 in Slings
  5187 | D:6      | Found a stormy altar of Qazlal.
  5291 | Temple   | Entered the Ecumenical Temple
  5502 | D:6      | Found a sacrificial altar of Ru.
  5510 | D:6      | Noticed Edmund
  5520 | D:6      | Killed Edmund
  5577 | D:6      | Found a deep blue altar of Sif Muna.
  5622 | D:6      | Reached skill level 5 in Fighting
  5622 | D:6      | Reached XP level 8. HP: 73/80 MP: 13/13
  5793 | D:6      | Found an opulent altar of Gozag.
  6263 | D:7      | Reached skill level 1 in Invocations
  6276 | D:7      | HP: 3/80 [killer bee (2)]
  6277 | D:7      | Gained mutation: Your magical capacity is low. (-10% MP) [potion of mutation]
  6277 | D:7      | Gained mutation: You are resistant to hostile enchantments. (MR+) [potion of mutation]
  6303 | D:7      | Mangled by an ogre

Vault maps used:
D:1:      erik_arrival_gehennom, minmay_tree_intersection
D:2:      first_bread, minmay_goblin_outpost
D:3:      serial_bayou_lagoon_b
D:4:      kennysheep_mini_moat, zin_purify, uniq_grinder, uniq_duvessa,
          uniq_pikel, uniq_natasha
D:5:      minmay_temple_entry_trees, basic_altar
D:6:      lemuel_coloured_pillars_altar, nicolae_ru_awakened_eye,
          nicolae_overflow_crystal_walls, lemuel_crystal_altar,
          nicolae_overflow_hidden_temple, uniq_edmund
D:7:      cheibriados_altar_1, grunt_temple_overflow_diamond, serial_shops,
          nicolae_shop_statue_plus, grunt_ogre_cave, dk_rats_in_the_wall,
          uniq_joseph
Temple:   nicolae_temple_figure_zero

Skill      XL: |  1  2  3  4  5  6  7  8 |
---------------+-------------------------+-----
Conjurations   | 1 2 3 |  3.1
Fighting       | 1 2 3 4 5 |  5.0
Fire Magic     | 3 4 |  4.0
Spellcasting   | 3 |  3.6
Throwing       | 1 3 4 |  4.0
Dodging        | 2 3 |  3.1
Slings         | 2 |  2.5
Invocations    | 1 |  1.2
Stealth        | |  1.4

Action                   |  1- 3 |  4- 6 |  7- 9 || total
-------------------------+-------+-------+-------++-------
Melee: Dagger            |    43 |       |       ||    43
       Spear             |       |   188 |       ||   188
 Fire: Blowgun           |       |     5 |     6 ||    11
       Hunting sling     |       |     9 |    78 ||    87
Throw: Stone             |     5 |       |       ||     5
 Cast: Flame Tongue      |    43 |   100 |     9 ||   152
       Throw Flame       |     3 |     6 |       ||     9
       Conjure Flame     |       |     6 |       ||     6
Invok: Recite            |       |       |     1 ||     1
       Vitalisation      |       |       |     1 ||     1
  Use: Potion            |       |     9 |     4 ||    13
       Scroll            |       |     7 |     3 ||    10
 Stab: Sleeping          |       |     2 |       ||     2
  Eat: Chunk             |     2 |    12 |       ||    14
       Bread ration      |       |       |     1 ||     1
Armor: Robe              |    12 |    57 |    12 ||    81
       Skin              |       |    17 |       ||    17
Dodge: Dodged            |    29 |   103 |    54 ||   186
